[ PARTIDA AOE2 · #484167771 ]
Team RMBritanos vs Persians
[ ANÁLISIS DE REPETICIÓN · EXTRAÍDO DE LA PARTIDA GRABADA ]
Feudal
30:26
Castillos
—
Imperial
—
| APM promedio | 18.2 |
| APM pico | 55 |
| eAPM promedio | 9.2 |
| Aldeanos / militares | 47 / 8 |
Foco
⚔️ 25.6% · 🌾 74.4%
Spearman ×8
Feudal
—
Castillos
—
Imperial
—
| APM promedio | 13.1 |
| APM pico | 35 |
| eAPM promedio | 7.6 |
| Aldeanos / militares | 56 / 12 |
Foco
⚔️ 28.7% · 🌾 71.3%
Knight ×12
Feudal
19:34
Castillos
25:15
Imperial
44:39
| APM promedio | 19.3 |
| APM pico | 50 |
| eAPM promedio | 10.8 |
| Aldeanos / militares | 107 / 74 |
Foco
⚔️ 25.2% · 🌾 74.8%
Spearman ×45 · Fishing Ship ×17 · Berserk ×14 · Militia ×10 · Archer ×3 · Battering Ram ×2
Feudal
20:27
Castillos
32:00
Imperial
—
| APM promedio | 18.3 |
| APM pico | 52 |
| eAPM promedio | 11.3 |
| Aldeanos / militares | 67 / 83 |
Foco
⚔️ 21.3% · 🌾 78.7%
Militia ×70 · Battering Ram ×13
Feudal
20:33
Castillos
25:44
Imperial
40:42
| APM promedio | 23.9 |
| APM pico | 64 |
| eAPM promedio | 12.4 |
| Aldeanos / militares | 75 / 51 |
Foco
⚔️ 17.9% · 🌾 82.1%
Spearman ×38 · Huskarl ×11 · Fishing Ship ×6 · Militia ×2
Feudal
12:45
Castillos
21:39
Imperial
36:58
| APM promedio | 16.1 |
| APM pico | 37 |
| eAPM promedio | 13.1 |
| Aldeanos / militares | 113 / 98 |
Foco
⚔️ 28.6% · 🌾 71.4%
Militia ×44 · Fishing Ship ×23 · Knight ×23 · Spearman ×15 · Centurion ×15 · Trebuchet (Packed) ×1
Mapa de la partida
Recursos al inicio + cada clic de construcción. Línea gruesa = muro · recuadro discontinuo = muro de casas detectado. 🟡 oro · ⚪ piedra · 🟢 bayas · 🔶 jabalí · ⭕ reliquia
Tu base· Abierta — flanco sin cerrar
Base de ogre-vertueux6· Abierta — flanco sin cerrar
Base de Johsebass· Abierta — hueco de 11t
Base de whitericeonfire· Abierta — hueco de 15t
Base de kai Ove· Abierta — flanco sin cerrar
Base de raz_mary· Abierta — hueco de 8t
Terreno con relieve · ⚠ = hueco de muro detectado · pasá el cursor para detalles
Inputs por minuto
— osmevoll - - ogre-vertueux6
Build order — osmevoll
97 acciones detectadas en el replay
| 2:09 | Construir | Town Center |
| 3:32 | Construir | House |
| 3:34 | Construir | House |
| 3:49 | Crear | Villager (Male) |
| 3:49 | Crear | Villager (Male) |
| 3:50 | Crear | Villager (Male) |
| 3:50 | Crear | Villager (Male) |
| 5:15 | Crear | Villager (Male) |
| 5:40 | Crear | Villager (Male) |
| 5:59 | Crear | Villager (Male) |
| 6:29 | Crear | Villager (Male) |
| 7:02 | Crear | Villager (Male) |
| 7:14 | Construir | Mill |
| 7:27 | Crear | Villager (Male) |
| 7:44 | Construir | House |
| 7:53 | Crear | Villager (Male) |
| 8:16 | Crear | Villager (Male) |
| 8:35 | Crear | Villager (Male) |
| 8:53 | Construir | Palisade Wall |
| 8:58 | Construir | Palisade Wall |
| 9:13 | Crear | Villager (Male) |
| 10:07 | Investigar | Loom |
| 10:24 | Crear | Villager (Male) |
| 10:25 | Crear | Villager (Male) |
| 11:33 | Crear | Villager (Male) |
| 11:49 | Crear | Villager (Male) |
| 11:50 | Crear | Villager (Male) |
| 15:20 | Construir | House |
| 18:00 | Construir | Farm |
| 18:31 | Construir | Farm |
| 18:36 | Construir | Farm |
| 19:08 | Construir | Farm |
| 19:43 | Construir | Barracks |
| 19:55 | Construir | Farm |
| 20:41 | Investigar | Feudal Age |
| 20:49 | Construir | Palisade Wall |
| 21:20 | Crear | Villager (Male) |
| 21:20 | Crear | Villager (Male) |
| 21:20 | Crear | Villager (Male) |
| 21:21 | Crear | Villager (Male) |
| 27:20 | Construir | Town Center |
| 28:12 | Crear | Villager (Male) |
| 28:12 | Crear | Villager (Male) |
| 28:16 | Investigar | Feudal Age |
| 29:02 | Crear | Villager (Male) |
| 29:03 | Crear | Villager (Male) |
| 29:03 | Crear | Villager (Male) |
| 29:43 | Construir | House |
| 30:26 | Edad | Edad Feudal |
| 30:36 | Construir | Farm |
| 30:37 | Construir | Farm |
| 30:38 | Construir | Farm |
| 30:39 | Construir | Farm |
| 30:47 | Construir | Farm |
| 31:37 | Crear | Villager (Male) |
| 31:38 | Crear | Villager (Male) |
| 32:07 | Construir | Farm |
| 32:22 | Construir | Farm |
| 32:28 | Construir | Farm |
| 32:30 | Crear | Villager (Male) |
| 32:31 | Crear | Villager (Male) |
| 33:52 | Construir | House |
| 33:53 | Construir | House |
| 33:55 | Crear | Villager (Male) |
| 33:56 | Crear | Villager (Male) |
| 33:58 | Investigar | Wheelbarrow |
| 34:18 | Crear | Villager (Male) |
| 34:23 | Construir | Farm |
| 34:29 | Construir | House |
| 35:02 | Crear | Villager (Male) |
| 35:24 | Construir | Farm |
| 35:37 | Crear | Villager (Male) |
| 35:51 | Construir | Blacksmith |
| 36:39 | Construir | Archery Range |
| 37:07 | Crear | Villager (Male) |
| 37:28 | Construir | Farm |
| 37:34 | Crear | Villager (Male) |
| 37:52 | Crear | Villager (Male) |
| 37:53 | Crear | Villager (Male) |
| 38:16 | Construir | Lumber Camp |
| 38:32 | Construir | Farm |
| 38:42 | Crear | Villager (Male) |
| 39:02 | Crear | Villager (Male) |
| 39:04 | Investigar | Double-Bit Axe |
| 39:37 | Construir | Mining Camp |
| 40:10 | Crear | Spearman |
| 40:11 | Crear | Spearman |
| 40:11 | Crear | Spearman |
| 40:11 | Crear | Spearman |
| 40:12 | Crear | Spearman |
| 40:12 | Crear | Spearman |
| 41:13 | Crear | Villager (Male) |
| 41:14 | Crear | Villager (Male) |
| 41:50 | Crear | Villager (Male) |
| 42:20 | Crear | Villager (Male) |
| 42:36 | Crear | Spearman |
| 42:36 | Crear | Spearman |
Build order — ogre-vertueux6
110 acciones detectadas en el replay
| 0:33 | Construir | Town Center |
| 2:30 | Crear | Villager (Male) |
| 2:30 | Crear | Villager (Male) |
| 2:31 | Crear | Villager (Male) |
| 2:31 | Crear | Villager (Male) |
| 2:42 | Construir | House |
| 2:46 | Construir | House |
| 3:14 | Crear | Villager (Male) |
| 3:43 | Crear | Villager (Male) |
| 3:48 | Investigar | Loom |
| 3:52 | Crear | Villager (Male) |
| 3:52 | Crear | Villager (Male) |
| 5:28 | Crear | Villager (Male) |
| 5:28 | Crear | Villager (Male) |
| 6:18 | Crear | Villager (Male) |
| 6:18 | Crear | Villager (Male) |
| 6:36 | Crear | Villager (Male) |
| 7:19 | Crear | Villager (Male) |
| 7:19 | Crear | Villager (Male) |
| 7:20 | Crear | Villager (Male) |
| 8:03 | Construir | House |
| 9:35 | Construir | Town Center |
| 16:01 | Crear | Villager (Male) |
| 16:01 | Crear | Villager (Male) |
| 16:01 | Crear | Villager (Male) |
| 16:02 | Crear | Villager (Male) |
| 17:58 | Crear | Villager (Male) |
| 17:58 | Crear | Villager (Male) |
| 20:31 | Crear | Villager (Male) |
| 20:31 | Crear | Villager (Male) |
| 20:32 | Crear | Villager (Male) |
| 27:23 | Construir | Town Center |
| 28:32 | Crear | Villager (Male) |
| 28:46 | Construir | House |
| 28:50 | Crear | Villager (Male) |
| 29:41 | Construir | Lumber Camp |
| 29:43 | Crear | Villager (Male) |
| 30:03 | Crear | Villager (Male) |
| 30:04 | Crear | Villager (Male) |
| 30:04 | Crear | Villager (Male) |
| 30:51 | Crear | Villager (Male) |
| 31:14 | Crear | Villager (Male) |
| 31:20 | Construir | House |
| 31:27 | Construir | Mining Camp |
| 32:08 | Crear | Villager (Male) |
| 33:00 | Investigar | Feudal Age |
| 33:40 | Construir | Mill |
| 33:45 | Crear | Villager (Male) |
| 34:20 | Construir | House |
| 34:25 | Construir | House |
| 35:00 | Crear | Villager (Male) |
| 35:00 | Crear | Villager (Male) |
| 35:17 | Construir | Barracks |
| 35:33 | Construir | Blacksmith |
| 35:45 | Construir | Farm |
| 35:45 | Construir | Farm |
| 35:45 | Construir | Farm |
| 35:48 | Crear | Villager (Male) |
| 36:12 | Construir | Farm |
| 36:16 | Construir | Farm |
| 36:21 | Construir | House |
| 36:22 | Crear | Villager (Male) |
| 37:03 | Crear | Villager (Male) |
| 37:04 | Crear | Villager (Male) |
| 37:17 | Construir | Stable |
| 37:45 | Construir | Farm |
| 37:47 | Construir | Farm |
| 38:01 | Construir | Farm |
| 38:02 | Construir | Farm |
| 38:04 | Construir | Farm |
| 38:34 | Investigar | Castle Age |
| 38:38 | Construir | House |
| 38:41 | Construir | House |
| 38:42 | Construir | House |
| 38:43 | Construir | House |
| 38:45 | Construir | House |
| 39:25 | Construir | Mining Camp |
| 39:49 | Investigar | Double-Bit Axe |
| 39:58 | Investigar | Horse Collar |
| 40:33 | Crear | Villager (Male) |
| 40:33 | Crear | Villager (Male) |
| 40:33 | Crear | Villager (Male) |
| 40:34 | Crear | Villager (Male) |
| 41:50 | Construir | Town Center |
| 42:04 | Construir | House |
| 42:05 | Construir | House |
| 42:05 | Construir | House |
| 42:06 | Construir | House |
| 42:06 | Construir | House |
| 42:06 | Construir | House |
| 42:17 | Crear | Villager (Male) |
| 42:34 | Construir | Palisade Wall |
| 42:58 | Crear | Knight ×5 |
| 42:59 | Crear | Knight ×5 |
| 42:59 | Crear | Knight ×2 |
| 43:04 | Crear | Villager (Male) |
| 43:05 | Crear | Villager (Male) |
| 43:23 | Crear | Villager (Male) |
| 43:24 | Crear | Villager (Male) |
| 43:24 | Crear | Villager (Male) |
| 43:32 | Construir | House |
| 43:39 | Crear | Villager (Male) |
| 43:39 | Crear | Villager (Male) |
| 43:56 | Construir | Farm |
| 43:56 | Construir | Farm |
| 43:56 | Construir | Farm |
| 43:57 | Construir | Farm |
| 44:03 | Crear | Villager (Male) |
| 44:03 | Crear | Villager (Male) |
| 44:12 | Crear | Villager (Male) |
Build order — Johsebass
Primeras 150 de 218 acciones detectadas
| 0:28 | Construir | Town Center |
| 2:21 | Construir | House |
| 2:24 | Construir | House |
| 2:37 | Crear | Villager (Male) ×4 |
| 4:04 | Crear | Villager (Male) |
| 4:39 | Crear | Villager (Male) |
| 4:57 | Crear | Villager (Male) |
| 5:11 | Construir | Mill |
| 5:45 | Investigar | Loom |
| 6:40 | Crear | Villager (Male) |
| 6:40 | Crear | Villager (Male) |
| 6:40 | Crear | Villager (Male) |
| 7:24 | Crear | Villager (Male) |
| 7:46 | Construir | Dock |
| 7:58 | Construir | House |
| 7:59 | Construir | House |
| 8:17 | Crear | Villager (Male) |
| 8:19 | Crear | Villager (Male) |
| 8:27 | Crear | Fishing Ship |
| 8:28 | Crear | Fishing Ship |
| 8:41 | Crear | Villager (Male) |
| 10:59 | Construir | Barracks |
| 11:01 | Crear | Villager (Male) |
| 11:02 | Crear | Villager (Male) |
| 11:03 | Crear | Fishing Ship |
| 11:04 | Crear | Fishing Ship |
| 11:07 | Crear | Villager (Male) |
| 11:34 | Crear | Fishing Ship |
| 11:36 | Crear | Villager (Male) |
| 11:41 | Construir | House |
| 11:43 | Construir | House |
| 11:44 | Construir | House |
| 11:46 | Construir | House |
| 12:03 | Crear | Fishing Ship |
| 12:29 | Crear | Fishing Ship |
| 12:39 | Crear | Militia |
| 12:40 | Crear | Militia |
| 12:40 | Crear | Militia |
| 12:49 | Crear | Villager (Male) |
| 12:49 | Crear | Villager (Male) |
| 12:50 | Crear | Villager (Male) |
| 12:50 | Crear | Villager (Male) |
| 13:10 | Construir | Farm |
| 13:10 | Construir | Farm |
| 13:11 | Construir | Farm |
| 13:12 | Construir | Farm |
| 13:21 | Construir | Farm |
| 13:25 | Crear | Villager (Male) |
| 13:40 | Construir | Farm |
| 13:49 | Construir | Mining Camp |
| 13:52 | Crear | Villager (Male) |
| 13:56 | Construir | Farm |
| 14:23 | Crear | Villager (Male) |
| 14:30 | Crear | Fishing Ship |
| 14:31 | Crear | Fishing Ship |
| 15:00 | Crear | Villager (Male) |
| 15:21 | Construir | Farm |
| 15:21 | Construir | Farm |
| 15:34 | Crear | Fishing Ship |
| 15:43 | Construir | House |
| 15:45 | Construir | House |
| 15:46 | Construir | House |
| 15:47 | Construir | House |
| 15:51 | Construir | House |
| 16:00 | Crear | Villager (Male) |
| 16:08 | Crear | Fishing Ship |
| 16:23 | Crear | Villager (Male) |
| 16:37 | Crear | Villager (Male) |
| 16:44 | Construir | Mining Camp |
| 16:55 | Investigar | Feudal Age |
| 18:01 | Construir | Lumber Camp |
| 18:07 | Crear | Fishing Ship |
| 18:07 | Crear | Fishing Ship |
| 18:38 | Construir | Outpost |
| 18:44 | Construir | Outpost |
| 18:56 | Construir | Mill |
| 19:32 | Crear | Fishing Ship |
| 19:32 | Crear | Fishing Ship |
| 19:34 | Edad | Edad Feudal |
| 19:51 | Construir | Blacksmith |
| 19:58 | Crear | Villager (Male) ×5 |
| 20:05 | Crear | Villager (Male) |
| 20:22 | Investigar | Double-Bit Axe |
| 20:37 | Investigar | Tech 906 |
| 21:56 | Construir | Archery Range |
| 22:06 | Crear | Fishing Ship |
| 22:06 | Crear | Fishing Ship |
| 22:21 | Construir | Farm |
| 22:28 | Construir | Farm |
| 22:35 | Investigar | Castle Age |
| 22:40 | Construir | Farm |
| 22:52 | Construir | Farm |
| 22:58 | Crear | Militia |
| 22:59 | Crear | Militia |
| 22:59 | Crear | Militia |
| 22:59 | Crear | Militia |
| 23:00 | Crear | Militia |
| 23:02 | Construir | Farm |
| 23:05 | Crear | Militia |
| 23:07 | Crear | Militia |
| 23:15 | Crear | Archer |
| 23:16 | Crear | Archer |
| 23:16 | Crear | Archer |
| 24:36 | Investigar | Horse Collar |
| 25:15 | Edad | Edad de los Castillos |
| 25:33 | Construir | Siege Workshop |
| 25:41 | Crear | Villager (Male) |
| 25:41 | Crear | Villager (Male) |
| 25:42 | Crear | Villager (Male) |
| 25:42 | Crear | Villager (Male) |
| 25:49 | Crear | Villager (Male) ×5 |
| 26:04 | Construir | Dock |
| 26:18 | Investigar | Stone Mining |
| 26:19 | Investigar | Gold Mining |
| 26:48 | Construir | Market |
| 27:03 | Construir | House |
| 27:04 | Construir | House |
| 27:05 | Construir | House |
| 27:06 | Construir | House |
| 27:07 | Construir | House |
| 27:10 | Construir | House |
| 27:12 | Crear | Battering Ram |
| 27:13 | Crear | Battering Ram |
| 27:20 | Crear | Spearman |
| 27:20 | Crear | Spearman |
| 27:22 | Investigar | Squires |
| 27:22 | Investigar | Pikeman (upgrade) |
| 27:23 | Investigar | Arson |
| 28:52 | Crear | Villager (Male) ×5 |
| 29:08 | Construir | Town Center |
| 29:17 | Crear | Spearman |
| 29:17 | Crear | Spearman |
| 29:17 | Crear | Spearman |
| 29:18 | Crear | Spearman |
| 29:45 | Crear | Villager (Male) |
| 29:49 | Investigar | Gold Shaft Mining |
| 30:14 | Construir | Stone Wall |
| 30:21 | Construir | Stone Wall |
| 30:45 | Investigar | Heavy Plow |
| 30:48 | Investigar | Bow Saw |
| 30:51 | Crear | Villager (Male) ×5 |
| 30:55 | Crear | Villager (Male) ×5 |
| 31:24 | Crear | Villager (Male) |
| 31:25 | Investigar | Town Watch |
| 31:26 | Crear | Villager (Male) |
| 31:55 | Construir | Stable |
| 32:12 | Construir | Building 487 |
| 32:20 | Crear | Villager (Male) ×5 |
| 33:10 | Construir | Farm |
| 33:23 | Crear | Villager (Male) ×5 |
Build order — whitericeonfire
Primeras 150 de 163 acciones detectadas
| 5:26 | Construir | Town Center |
| 6:14 | Construir | House |
| 6:16 | Construir | House |
| 8:37 | Crear | Villager (Male) ×4 |
| 10:14 | Crear | Villager (Male) |
| 11:02 | Crear | Villager (Male) |
| 11:17 | Construir | Lumber Camp |
| 11:25 | Crear | Villager (Male) |
| 11:48 | Crear | Villager (Male) |
| 12:24 | Crear | Villager (Male) |
| 12:53 | Construir | House |
| 12:55 | Construir | House |
| 13:03 | Crear | Villager (Male) |
| 13:03 | Crear | Villager (Male) |
| 13:45 | Crear | Villager (Male) |
| 14:00 | Construir | Mill |
| 14:26 | Crear | Villager (Male) |
| 14:52 | Crear | Villager (Male) |
| 14:59 | Crear | Villager (Male) |
| 15:13 | Crear | Villager (Male) |
| 15:25 | Construir | Farm |
| 15:48 | Crear | Villager (Male) |
| 16:22 | Crear | Villager (Male) |
| 16:35 | Construir | Farm |
| 17:13 | Construir | Barracks |
| 17:24 | Construir | House |
| 17:26 | Construir | House |
| 17:27 | Construir | House |
| 17:29 | Construir | House |
| 17:35 | Construir | Palisade Wall |
| 18:17 | Investigar | Feudal Age |
| 18:42 | Crear | Villager (Male) |
| 18:43 | Crear | Villager (Male) |
| 18:46 | Crear | Militia |
| 19:01 | Construir | Farm |
| 19:04 | Construir | Farm |
| 19:11 | Construir | Farm |
| 19:16 | Crear | Militia |
| 19:17 | Crear | Militia |
| 19:28 | Construir | Farm |
| 20:19 | Crear | Militia |
| 20:20 | Crear | Militia |
| 20:21 | Crear | Militia |
| 20:27 | Edad | Edad Feudal |
| 20:39 | Construir | Farm |
| 20:42 | Construir | Farm |
| 20:50 | Construir | Farm |
| 20:57 | Crear | Villager (Male) |
| 21:01 | Investigar | Man-at-Arms (upgrade) |
| 21:19 | Construir | Farm |
| 21:26 | Crear | Villager (Male) |
| 21:46 | Crear | Villager (Male) |
| 21:57 | Investigar | Arson |
| 22:12 | Crear | Villager (Male) |
| 22:23 | Construir | Blacksmith |
| 22:25 | Construir | House |
| 22:27 | Construir | House |
| 22:29 | Construir | House |
| 23:13 | Crear | Villager (Male) |
| 23:13 | Crear | Villager (Male) |
| 23:45 | Investigar | Scale Mail Armor |
| 23:46 | Investigar | Forging |
| 23:49 | Crear | Villager (Male) |
| 24:04 | Construir | Stable |
| 24:08 | Crear | Villager (Male) |
| 24:14 | Construir | Farm |
| 24:14 | Construir | Farm |
| 24:14 | Construir | Farm |
| 24:15 | Construir | Farm |
| 25:22 | Crear | Villager (Male) |
| 25:22 | Crear | Villager (Male) |
| 25:36 | Construir | Mill |
| 25:39 | Construir | Farm |
| 25:50 | Crear | Villager (Male) |
| 26:22 | Construir | Farm |
| 26:24 | Construir | Farm |
| 26:28 | Construir | Farm |
| 26:31 | Crear | Villager (Male) |
| 26:40 | Construir | House |
| 26:41 | Construir | House |
| 26:44 | Construir | House |
| 27:02 | Construir | Stone Wall |
| 27:04 | Construir | Stone Wall |
| 27:15 | Crear | Villager (Male) |
| 27:15 | Crear | Villager (Male) |
| 27:17 | Investigar | Horse Collar |
| 27:44 | Crear | Villager (Male) |
| 27:45 | Investigar | Loom |
| 27:52 | Investigar | Double-Bit Axe |
| 28:10 | Crear | Villager (Male) |
| 28:11 | Crear | Villager (Male) |
| 28:18 | Construir | House |
| 29:04 | Construir | Stone Wall |
| 29:16 | Investigar | Castle Age |
| 30:57 | Construir | Barracks |
| 31:05 | Crear | Militia ×5 |
| 32:00 | Edad | Edad de los Castillos |
| 32:09 | Construir | Barracks |
| 32:15 | Investigar | Gambesons |
| 32:15 | Investigar | Long Swordsman (upgrade) |
| 32:16 | Investigar | Squires |
| 32:20 | Crear | Villager (Male) |
| 32:21 | Crear | Villager (Male) |
| 32:26 | Investigar | Chain Mail Armor |
| 32:27 | Investigar | Iron Casting |
| 32:32 | Crear | Villager (Male) ×4 |
| 32:43 | Construir | Barracks |
| 32:52 | Construir | Mill |
| 32:53 | Construir | Farm |
| 32:54 | Construir | Farm |
| 32:54 | Construir | Farm |
| 32:55 | Construir | Farm |
| 32:59 | Construir | Stone Wall |
| 33:11 | Investigar | Bow Saw |
| 33:18 | Investigar | Heavy Plow |
| 33:32 | Construir | Siege Workshop |
| 33:42 | Crear | Militia ×2 |
| 33:51 | Crear | Villager (Male) |
| 34:00 | Construir | Farm |
| 34:01 | Construir | Farm |
| 34:01 | Construir | Farm |
| 34:02 | Construir | Farm |
| 34:35 | Crear | Militia ×5 |
| 34:38 | Crear | Militia |
| 34:57 | Crear | Villager (Male) ×3 |
| 35:04 | Construir | Lumber Camp |
| 35:53 | Construir | Castle |
| 36:09 | Crear | Militia ×5 |
| 36:39 | Construir | Stone Wall |
| 36:43 | Construir | Stone Wall |
| 36:51 | Crear | Battering Ram |
| 36:56 | Crear | Villager (Male) ×5 |
| 37:00 | Construir | House |
| 37:02 | Construir | House |
| 37:02 | Construir | House |
| 37:03 | Construir | House |
| 37:16 | Crear | Battering Ram |
| 37:27 | Crear | Militia |
| 37:49 | Crear | Battering Ram |
| 38:06 | Construir | Lumber Camp |
| 38:48 | Crear | Militia ×5 |
| 38:51 | Crear | Villager (Male) ×5 |
| 38:56 | Crear | Battering Ram |
| 39:26 | Crear | Militia ×5 |
| 39:30 | Crear | Battering Ram |
| 40:02 | Crear | Battering Ram |
| 40:35 | Crear | Villager (Male) ×5 |
| 40:39 | Crear | Militia ×5 |
| 40:42 | Crear | Battering Ram |
| 41:23 | Crear | Battering Ram |
Build order — kai Ove
Primeras 150 de 232 acciones detectadas
| 2:37 | Construir | Town Center |
| 4:11 | Crear | Villager (Male) |
| 4:12 | Crear | Villager (Male) |
| 4:12 | Crear | Villager (Male) |
| 4:12 | Crear | Villager (Male) |
| 4:13 | Crear | Villager (Male) |
| 4:22 | Construir | House |
| 5:49 | Crear | Villager (Male) |
| 7:04 | Crear | Villager (Male) |
| 7:04 | Crear | Villager (Male) |
| 7:04 | Crear | Villager (Male) |
| 7:21 | Construir | House |
| 8:05 | Construir | House |
| 8:18 | Crear | Villager (Male) |
| 8:20 | Crear | Villager (Male) |
| 8:20 | Crear | Villager (Male) |
| 8:43 | Construir | House |
| 9:01 | Crear | Villager (Male) |
| 9:02 | Crear | Villager (Male) |
| 9:02 | Crear | Villager (Male) |
| 9:29 | Construir | Mill |
| 9:40 | Crear | Villager (Male) |
| 9:40 | Crear | Villager (Male) |
| 9:41 | Crear | Villager (Male) |
| 10:52 | Crear | Villager (Male) |
| 10:53 | Crear | Villager (Male) |
| 11:24 | Construir | Mining Camp |
| 11:29 | Crear | Villager (Male) |
| 11:30 | Crear | Villager (Male) |
| 12:21 | Crear | Villager (Male) |
| 13:08 | Investigar | Loom |
| 13:16 | Construir | House |
| 13:44 | Crear | Villager (Male) |
| 13:44 | Crear | Villager (Male) |
| 13:47 | Crear | Villager (Male) |
| 13:47 | Crear | Villager (Male) |
| 14:32 | Crear | Villager (Male) |
| 15:34 | Construir | House |
| 15:37 | Construir | House |
| 15:49 | Crear | Villager (Male) |
| 15:59 | Crear | Villager (Male) |
| 17:08 | Crear | Villager (Male) |
| 17:08 | Crear | Villager (Male) |
| 17:26 | Construir | Mill |
| 17:34 | Crear | Villager (Male) |
| 18:22 | Investigar | Feudal Age |
| 18:23 | Crear | Villager (Male) |
| 19:11 | Construir | Barracks |
| 19:30 | Construir | Farm |
| 19:31 | Construir | Farm |
| 19:31 | Construir | Farm |
| 19:34 | Construir | Farm |
| 19:35 | Construir | Farm |
| 19:37 | Construir | Farm |
| 19:38 | Construir | Farm |
| 19:54 | Construir | House |
| 19:56 | Construir | House |
| 19:58 | Construir | House |
| 20:07 | Construir | Palisade Wall |
| 20:20 | Crear | Villager (Male) |
| 20:20 | Crear | Villager (Male) |
| 20:33 | Edad | Edad Feudal |
| 21:01 | Construir | Blacksmith |
| 21:17 | Crear | Villager (Male) |
| 21:17 | Crear | Villager (Male) |
| 21:18 | Crear | Villager (Male) |
| 21:25 | Construir | Lumber Camp |
| 21:31 | Investigar | Gold Mining |
| 22:00 | Construir | Market |
| 22:07 | Construir | Farm |
| 22:08 | Construir | Farm |
| 22:09 | Construir | Farm |
| 22:10 | Construir | Farm |
| 22:11 | Construir | Farm |
| 22:14 | Construir | Farm |
| 22:15 | Construir | Farm |
| 22:16 | Construir | Farm |
| 22:17 | Construir | Farm |
| 22:19 | Construir | Farm |
| 22:45 | Construir | House |
| 22:48 | Construir | House |
| 23:01 | Crear | Villager (Male) |
| 23:04 | Investigar | Castle Age |
| 23:05 | Crear | Villager (Male) |
| 23:05 | Crear | Villager (Male) |
| 23:07 | Crear | Villager (Male) |
| 23:27 | Construir | Dock |
| 23:51 | Crear | Villager (Male) |
| 24:23 | Crear | Fishing Ship |
| 24:24 | Crear | Fishing Ship |
| 24:42 | Investigar | Forging |
| 24:46 | Investigar | Man-at-Arms (upgrade) |
| 24:53 | Investigar | Horse Collar |
| 24:58 | Construir | House |
| 25:20 | Crear | Villager (Male) |
| 25:32 | Construir | Palisade Wall |
| 25:41 | Crear | Fishing Ship |
| 25:44 | Edad | Edad de los Castillos |
| 26:13 | Investigar | Iron Casting |
| 26:22 | Crear | Villager (Male) |
| 26:23 | Crear | Villager (Male) |
| 27:26 | Construir | House |
| 27:28 | Construir | House |
| 27:38 | Construir | House |
| 27:40 | Construir | House |
| 27:42 | Construir | Farm |
| 27:43 | Construir | Farm |
| 27:44 | Construir | Farm |
| 27:46 | Construir | Farm |
| 27:51 | Crear | Villager (Male) |
| 27:51 | Crear | Villager (Male) |
| 27:51 | Crear | Villager (Male) |
| 27:58 | Crear | Villager (Male) |
| 28:04 | Investigar | Double-Bit Axe |
| 28:14 | Investigar | Long Swordsman (upgrade) |
| 28:15 | Investigar | Squires |
| 28:36 | Crear | Fishing Ship |
| 28:36 | Crear | Fishing Ship |
| 28:47 | Crear | Fishing Ship |
| 28:57 | Construir | House |
| 29:00 | Construir | House |
| 29:02 | Construir | House |
| 29:03 | Construir | House |
| 29:08 | Crear | Villager (Male) |
| 29:41 | Construir | Farm |
| 30:01 | Construir | Farm |
| 30:01 | Construir | Farm |
| 30:16 | Construir | Lumber Camp |
| 30:42 | Crear | Villager (Male) |
| 30:43 | Crear | Villager (Male) |
| 31:11 | Construir | Palisade Gate |
| 31:32 | Construir | Mining Camp |
| 31:39 | Crear | Villager (Male) |
| 31:39 | Crear | Villager (Male) |
| 31:40 | Crear | Villager (Male) |
| 31:44 | Crear | Villager (Male) |
| 31:54 | Crear | Villager (Male) |
| 31:55 | Crear | Villager (Male) |
| 32:00 | Construir | Lumber Camp |
| 32:11 | Construir | House |
| 32:12 | Construir | House |
| 32:13 | Construir | House |
| 32:16 | Construir | House |
| 32:17 | Construir | House |
| 32:19 | Construir | House |
| 32:22 | Construir | House |
| 32:43 | Crear | Spearman |
| 32:43 | Crear | Spearman |
| 32:43 | Crear | Spearman |
| 32:44 | Crear | Spearman |
Build order — raz_mary
Primeras 150 de 385 acciones detectadas
| 0:30 | Construir | Town Center |
| 2:40 | Crear | Villager (Male) |
| 2:40 | Crear | Villager (Male) |
| 2:41 | Crear | Villager (Male) |
| 2:41 | Crear | Villager (Male) |
| 2:41 | Crear | Villager (Male) |
| 2:51 | Construir | House |
| 3:35 | Construir | House |
| 3:46 | Crear | Villager (Male) |
| 4:31 | Crear | Villager (Male) |
| 4:37 | Construir | Mill |
| 4:58 | Crear | Villager (Male) |
| 5:29 | Crear | Villager (Male) |
| 5:51 | Crear | Villager (Male) |
| 6:01 | Construir | House |
| 6:15 | Crear | Villager (Male) |
| 6:30 | Crear | Villager (Male) |
| 6:46 | Crear | Villager (Male) |
| 7:13 | Crear | Villager (Male) |
| 7:29 | Crear | Villager (Male) |
| 7:52 | Crear | Villager (Male) |
| 8:15 | Crear | Villager (Male) |
| 8:30 | Construir | House |
| 8:34 | Crear | Villager (Male) |
| 9:28 | Crear | Villager (Male) |
| 9:53 | Construir | Lumber Camp |
| 9:58 | Crear | Villager (Male) |
| 10:24 | Investigar | Feudal Age |
| 10:34 | Construir | House |
| 12:26 | Crear | Villager (Male) |
| 12:27 | Crear | Villager (Male) |
| 12:45 | Edad | Edad Feudal |
| 13:01 | Construir | Dock |
| 13:17 | Crear | Villager (Male) |
| 13:58 | Construir | Mining Camp |
| 14:12 | Crear | Villager (Male) |
| 14:13 | Crear | Villager (Male) |
| 14:13 | Crear | Villager (Male) |
| 14:33 | Construir | House |
| 14:34 | Construir | House |
| 14:37 | Crear | Villager (Male) |
| 14:55 | Construir | House |
| 15:12 | Construir | House |
| 15:14 | Construir | House |
| 15:20 | Crear | Villager (Male) |
| 15:36 | Crear | Fishing Ship |
| 15:36 | Crear | Fishing Ship |
| 15:56 | Crear | Villager (Male) |
| 16:04 | Construir | Barracks |
| 16:12 | Crear | Villager (Male) |
| 16:21 | Crear | Fishing Ship |
| 16:37 | Crear | Villager (Male) |
| 16:49 | Construir | Blacksmith |
| 17:18 | Construir | Stable |
| 17:39 | Crear | Villager (Male) |
| 17:39 | Crear | Villager (Male) |
| 17:54 | Construir | Farm |
| 17:55 | Construir | Farm |
| 17:56 | Construir | Farm |
| 17:57 | Construir | Farm |
| 18:07 | Construir | Farm |
| 18:08 | Construir | Farm |
| 18:13 | Crear | Fishing Ship |
| 18:42 | Construir | Farm |
| 18:43 | Construir | Farm |
| 18:44 | Construir | Farm |
| 18:49 | Construir | Farm |
| 18:59 | Investigar | Castle Age |
| 19:48 | Construir | Mill |
| 20:00 | Construir | House |
| 20:01 | Construir | House |
| 20:08 | Investigar | Man-at-Arms (upgrade) |
| 20:13 | Investigar | Double-Bit Axe |
| 20:15 | Investigar | Horse Collar |
| 21:04 | Investigar | Tech 906 |
| 21:16 | Crear | Fishing Ship |
| 21:16 | Crear | Fishing Ship |
| 21:31 | Crear | Villager (Male) |
| 21:32 | Crear | Villager (Male) |
| 21:39 | Edad | Edad de los Castillos |
| 21:55 | Crear | Villager (Male) |
| 21:56 | Crear | Villager (Male) |
| 22:04 | Construir | Town Center |
| 22:16 | Crear | Knight |
| 22:17 | Crear | Knight |
| 22:22 | Crear | Spearman |
| 22:24 | Crear | Spearman |
| 22:30 | Investigar | Town Watch |
| 22:48 | Crear | Fishing Ship |
| 22:57 | Crear | Villager (Male) |
| 22:58 | Crear | Villager (Male) |
| 23:11 | Crear | Villager (Male) |
| 23:11 | Crear | Villager (Male) |
| 23:12 | Crear | Villager (Male) |
| 23:12 | Crear | Villager (Male) |
| 23:20 | Crear | Fishing Ship |
| 23:21 | Investigar | Gillnets |
| 23:24 | Crear | Villager (Male) |
| 23:33 | Investigar | Heavy Plow |
| 23:50 | Crear | Fishing Ship |
| 23:55 | Crear | Villager (Male) |
| 24:05 | Construir | Mining Camp |
| 24:14 | Crear | Villager (Male) |
| 24:36 | Investigar | Loom |
| 24:41 | Crear | Villager (Male) |
| 25:10 | Crear | Villager (Male) |
| 25:11 | Crear | Villager (Male) |
| 25:11 | Crear | Villager (Male) |
| 25:17 | Crear | Villager (Male) |
| 25:17 | Crear | Villager (Male) |
| 25:20 | Crear | Knight |
| 25:25 | Crear | Spearman |
| 25:27 | Crear | Spearman |
| 26:02 | Crear | Villager (Male) |
| 26:05 | Crear | Knight |
| 26:10 | Crear | Fishing Ship |
| 26:10 | Crear | Fishing Ship |
| 26:11 | Crear | Fishing Ship |
| 26:24 | Construir | House |
| 26:34 | Construir | House |
| 26:35 | Construir | House |
| 26:36 | Construir | House |
| 26:51 | Construir | House |
| 26:52 | Construir | House |
| 26:52 | Construir | House |
| 26:55 | Construir | House |
| 27:02 | Construir | House |
| 27:03 | Construir | House |
| 27:08 | Crear | Villager (Male) |
| 27:08 | Crear | Villager (Male) |
| 27:09 | Crear | Villager (Male) |
| 27:09 | Crear | Villager (Male) |
| 27:10 | Crear | Villager (Male) |
| 27:14 | Crear | Villager (Male) |
| 27:14 | Crear | Villager (Male) |
| 27:25 | Construir | Town Center |
| 27:52 | Construir | Castle |
| 28:05 | Crear | Fishing Ship |
| 28:05 | Crear | Fishing Ship |
| 28:19 | Construir | Dock |
| 28:30 | Crear | Villager (Male) |
| 28:31 | Crear | Villager (Male) |
| 28:39 | Crear | Villager (Male) |
| 28:39 | Crear | Villager (Male) |
| 28:40 | Crear | Villager (Male) |
| 28:40 | Crear | Villager (Male) |
| 28:41 | Crear | Villager (Male) |
| 28:47 | Crear | Villager (Male) |
| 28:48 | Crear | Villager (Male) |
| 28:48 | Crear | Villager (Male) |
Cronología de la partida
| 7:46 | Johsebass · first_building Dock |
| 8:53 | osmevoll · wall_segment Palisade Wall x1 |
| 8:58 | osmevoll · wall_segment Palisade Wall x2 |
| 10:59 | Johsebass · first_building Barracks |
| 12:45 | raz_mary · age_up feudal |
| 13:01 | raz_mary · first_building Dock |
| 16:04 | raz_mary · first_building Barracks |
| 17:13 | whitericeonfire · first_building Barracks |
| 17:18 | raz_mary · first_building Stable |
| 17:35 | whitericeonfire · wall_segment Palisade Wall x4 |
| 19:11 | kai Ove · first_building Barracks |
| 19:34 | Johsebass · age_up feudal |
| 19:43 | osmevoll · first_building Barracks |
| 20:07 | kai Ove · wall_segment Palisade Wall x5 |
| 20:27 | whitericeonfire · age_up feudal |
| 20:33 | kai Ove · age_up feudal |
| 20:49 | osmevoll · wall_segment Palisade Wall x7 |
| 21:39 | raz_mary · age_up castle |
| 21:56 | Johsebass · first_building Archery Range |
| 23:27 | kai Ove · first_building Dock |
| 24:04 | whitericeonfire · first_building Stable |
| 25:15 | Johsebass · age_up castle |
| 25:32 | kai Ove · wall_segment Palisade Wall x8 |
| 25:33 | Johsebass · first_building Siege Workshop |
| 25:44 | kai Ove · age_up castle |
| 27:02 | whitericeonfire · wall_segment Stone Wall x10 |
| 27:04 | whitericeonfire · wall_segment Stone Wall x5 |
| 27:15 | kai Ove · tribute_sent a jugador 1 |
| 27:15 | kai Ove · tribute_sent a jugador 2 |
| 27:15 | kai Ove · tribute_sent a jugador 3 |
| 27:15 | kai Ove · tribute_sent a jugador 5 |
| 27:15 | kai Ove · tribute_sent a jugador 6 |
| 27:52 | raz_mary · first_building Castle |
| 29:04 | whitericeonfire · wall_segment Stone Wall x1 |
| 30:13 | kai Ove · first_market_buy 100 wood |
| 30:14 | Johsebass · wall_segment Stone Wall x8 |
| 30:21 | Johsebass · wall_segment Stone Wall x5 |
| 30:26 | osmevoll · age_up feudal |
| 31:55 | Johsebass · first_building Stable |
| 32:00 | whitericeonfire · age_up castle |
| 32:59 | whitericeonfire · wall_segment Stone Wall x1 |
| 33:31 | kai Ove · first_building Castle |
| 33:32 | whitericeonfire · first_building Siege Workshop |
| 35:01 | Johsebass · wall_segment Stone Wall x14 |
| 35:05 | Johsebass · wall_segment Stone Wall x10 |
| 35:17 | ogre-vertueux6 · first_building Barracks |
| 35:53 | whitericeonfire · first_building Castle |
| 36:39 | osmevoll · first_building Archery Range |
| 36:39 | whitericeonfire · wall_segment Stone Wall x12 |
| 36:43 | whitericeonfire · wall_segment Stone Wall x1 |
| 36:58 | raz_mary · age_up imperial |
| 37:17 | ogre-vertueux6 · first_building Stable |
| 37:27 | kai Ove · first_market_sell 100 food |
| 39:17 | Johsebass · first_building Monastery |
| 40:42 | kai Ove · age_up imperial |
| 41:39 | Johsebass · first_building Castle |
| 42:34 | ogre-vertueux6 · wall_segment Palisade Wall x4 |
| 42:35 | kai Ove · resign |
| 44:39 | Johsebass · age_up imperial |
[ ANÁLISIS IA · 1 CRÉDITO ]
¿Qué pasó realmente en esta partida?
Wolo.gg analiza cada decisión: build order, eco, micro, errores típicos por bracket. Análisis personalizado por WhatsApp o Discord en 30 segundos.
Guía civ
Britanos
Guía mapa
Nomad
Perfil
osmevoll